Map: Lightshade LE

Players

Stephano - Winner!

  • Race: Zerg Zerg

Spirit (souL)

  • Race: Terran Terran

Event: DreamHack SC2 Masters 2021 Winter

VOD

Have the link to the VOD?

Description

Time

  • Played on: Oct. 3, 2021, 11:38 a.m.
  • Length: 10:44

All games in this series

Show
View Real Time Build Order
Export as new Build Order

Stephano Zerg - Winner!

Build Orders: Hatch First 

Get SALT Encoding   

  12  0:00  Drone  
  13  0:12  Overlord  
  13  0:16  Drone  
  14  0:30  Drone x2  
  16  0:47  Hatchery  
  15  0:50  Drone  
  15  0:54  Drone  
  15  0:57  Drone  
  18  1:08  Extractor  
  17  1:12  Spawning Pool  
  17  1:15  Drone  
  18  1:18  Drone  
  18  1:27  Drone  
  19  1:38  Drone  
  20  1:49  Drone  
  21  1:59  Queen x2  
  21  2:00  Zergling x4  
  27  2:11  Overlord, Drone  
  28  2:19  Hatchery  
  28  2:22  Drone  
  28  2:29  Drone  
  29  2:33  Drone x2  
  29  2:36  Queen  
  33  2:46  Metabolic Boost  
  33  2:48  Overlord  
  33  2:50  Drone  
  34  2:53  Drone x2  
  36  3:09  Drone x3  
  36  3:12  Drone x2  
  41  3:20  Queen  
  41  3:21  Drone  
  41  3:26  Overlord  
  44  3:34  Queen, Drone x3  
  46  3:40  Queen  
  46  3:41  Extractor  
  51  3:47  Zergling x2, Drone x2  
  51  3:48  Zergling x2  
  55  3:51  Drone x2  
  55  3:55  Drone  
  58  3:59  Overlord  
  58  4:02  Overlord  
  58  4:09  Overlord  
  58  4:20  Drone x9  
  58  4:22  Queen  
  58  4:23  Drone  
  69  4:27  Drone x2  
  69  4:30  Extractor  
  69  4:31  Extractor  
  69  4:33  Zergling x2  
  69  4:37  Queen  
  72  4:40  Lair  
  72  4:43  Drone x3  
  72  4:45  Roach Warren  
  74  4:46  Spore Crawler  
  74  4:48  Spore Crawler, Overlord  
  74  4:50  Drone  
  73  4:55  Evolution Chamber, Drone x2  
  73  4:56  Evolution Chamber, Drone  
  73  4:57  Queen  
  76  5:01  Zergling x4  
  76  5:02  Zergling x2  
  76  5:04  Drone x2  
  81  5:08  Drone x2  
  81  5:09  Spore Crawler  
  81  5:11  Drone  
  82  5:23  Drone x2  
  82  5:24  Drone  
  82  5:25  Zerg Ground Armor Level 1  
  82  5:26  Extractor, Zerg Missile Weapons Level 1  
  82  5:27  Extractor  
  83  5:28  Queen  
  83  5:32  Drone x2  
  87  5:37  Overlord  
  87  5:39  Glial Reconstitution  
  87  5:40  Overseer  
  87  5:44  Drone  
  88  5:50  Overlord x2  
  88  5:58  Roach x4  
  88  6:01  Overlord x2  
  96  6:07  Hatchery  
  95  6:12  Overlord x2  
  95  6:14  Roach  
  95  6:15  Roach x4  
  105  6:19  Roach x3  
  105  6:24  Extractor  
  107  6:36  Roach x9  
  125  6:43  Roach  
  126  6:52  Roach x6  
  126  6:54  Ravager x5  
  142  6:59  Roach  
  145  7:05  Overseer  
  145  7:08  Overlord x2  
  145  7:15  Overlord  
  145  7:23  Overlord  
  145  7:24  Roach x3  
  144  7:35  Roach x12  
  144  7:36  Roach  
  164  7:41  Ravager x2  
  164  7:42  Ravager  
  167  7:49  Zergling x14  
  174  7:53  Overseer  
  174  7:56  Zerg Ground Armor Level 2  
  174  8:03  Drone x8  
  182  8:07  Zerg Missile Weapons Level 2  
  182  8:25  Hatchery  
  164  8:33  Roach x9  
  141  8:39  Roach x4  
  140  8:49  Hydralisk Den  
  139  8:57  Drone x7  
  139  8:58  Drone x7  
  153  9:19  Muscular Augments  
  153  9:20  Hydralisk  
  153  9:21  Hydralisk x6  
  153  9:22  Infestation Pit  
  166  9:36  Hydralisk x9  
  184  9:41  Pneumatized Carapace  
  184  9:43  Extractor  
  184  9:44  Extractor  
  182  9:55  Hydralisk x3  
  182  9:57  Overlord  
  182  9:58  Overlord  
  188  10:01  Overlord  
  188  10:05  Overlord  
  188  10:06  Overlord  
  188  10:13  Drone  
  188  10:14  Overlord x2  
  189  10:25  Overseer  
Show
View Real Time Build Order
Export as new Build Order

Spirit Terran 

Build Orders: Reaper Expand, Hellion Banshee 

Get SALT Encoding   

  12  0:00  SCV  
  13  0:12  SCV  
  14  0:20  Supply Depot  
  14  0:25  SCV  
  15  0:42  SCV  
  16  0:44  Barracks  
  16  0:45  Refinery  
  16  0:54  SCV  
  17  1:06  SCV  
  18  1:18  SCV  
  19  1:31  Orbital Command, Reaper  
  20  1:41  Command Center  
  20  1:50  Supply Depot  
  20  1:56  SCV  
  21  2:02  Marine  
  22  2:10  SCV  
  22  2:13  Factory  
  23  2:22  SCV  
  24  2:24  Barracks Reactor  
  24  2:34  SCV  
  25  2:38  Command Center  
  25  2:46  SCV  
  26  2:52  Orbital Command  
  26  2:58  SCV  
  27  3:00  Starport  
  27  3:07  Refinery  
  27  3:10  Barracks Tech Lab, SCV  
  28  3:13  Hellion  
  28  3:18  SCV  
  31  3:21  Hellion  
  31  3:22  SCV  
  34  3:30  SCV  
  35  3:34  SCV  
  36  3:42  SCV  
  36  3:43  Hellion x2  
  36  3:46  SCV  
  36  3:47  Banshee  
  45  3:51  Orbital Command  
  45  3:54  SCV  
  46  3:59  SCV  
  47  4:04  Hellion x2  
  47  4:06  SCV  
  52  4:10  Barracks Tech Lab, Supply Depot  
  52  4:11  SCV  
  53  4:18  SCV x2  
  53  4:23  SCV  
  55  4:26  Hellion x2  
  55  4:30  Stimpack, SCV x2  
  61  4:31  Marine  
  61  4:34  Supply Depot  
  61  4:36  SCV  
  63  4:42  SCV  
  63  4:43  SCV  
  63  4:45  Starport Reactor  
  65  4:48  SCV  
  65  4:52  Marine, Refinery  
  66  4:53  Refinery  
  66  4:54  Barracks  
  66  4:55  SCV  
  66  4:56  Barracks  
  66  4:58  Factory Reactor, Supply Depot  
  68  5:00  Orbital Command, Supply Depot  
  68  5:02  SCV  
  68  5:05  Engineering Bay  
  69  5:09  SCV, Engineering Bay  
  69  5:10  Marine  
  71  5:14  SCV  
  71  5:15  Supply Depot  
  72  5:21  SCV  
  72  5:26  SCV  
  72  5:28  Marine  
  74  5:31  SCV  
  74  5:34  SCV  
  74  5:35  Terran Infantry Armor Level 1, Terran Infantry Weapons Level 1  
  77  5:38  SCV  
  77  5:42  Marine x2  
  79  5:43  SCV  
  79  5:46  SCV, Marine, Medivac x2  
  79  5:48  Supply Depot  
  87  5:50  Siege Tank, Supply Depot  
  87  5:51  SCV  
  87  5:53  Marine x2  
  87  5:55  SCV  
  94  5:58  SCV  
  94  6:00  Marine x2, Supply Depot  
  94  6:03  SCV  
  94  6:04  Marine  
  98  6:07  Barracks  
  98  6:08  Barracks  
  98  6:10  Combat Shield  
  99  6:11  Marine x2  
  99  6:12  SCV  
  99  6:15  SCV x2  
  99  6:16  Bunker  
  99  6:18  Marine  
  105  6:19  Marine, Supply Depot  
  105  6:21  Marine  
  105  6:24  SCV  
  105  6:25  Siege Tank  
  111  6:27  Medivac, SCV x2  
  111  6:29  Marine x2  
  111  6:31  Medivac  
  117  6:36  Marine  
  117  6:37  Marine  
  117  6:39  Marine  
  111  6:45  Refinery  
  108  6:47  Marine x2  
  108  6:48  Armory  
  108  6:53  Marine  
  112  6:54  Marine  
  112  6:55  Barracks Reactor  
  112  6:56  Barracks Reactor  
  112  6:57  Siege Tank, Marine  
  112  7:00  Supply Depot  
  112  7:01  Supply Depot  
  116  7:05  Marine x2  
  118  7:11  Marine  
  118  7:12  Marine  
  118  7:15  Marine  
  117  7:22  Marine  
  117  7:23  Marine  
  117  7:29  Siege Tank, Marine  
  109  7:30  Marine  
  109  7:31  Marine  
  109  7:32  Marine  
  109  7:33  Marine  
  109  7:34  SCV, Marine  
  109  7:36  Marine  
  105  7:40  Marine x2  
  66  7:44  Medivac x2  
  107  7:47  Marine  
  107  7:48  Marine  
  107  7:49  Marine  
  107  7:50  Marine  
  107  7:51  Marine  
  116  7:52  Marine  
  116  7:58  SCV  
  117  8:06  Supply Depot  
  117  8:07  Supply Depot  
  117  8:13  Supply Depot  
  117  8:14  Supply Depot  
  117  8:24  SCV, Marine x2  
  117  8:25  SCV, Marine x2  
  117  8:27  Marine x3  
  109  8:28  Marine x2  
  109  8:29  Medivac, Siege Tank  
  75  8:42  Marine x3  
  75  8:43  Marine  
  75  8:44  Marine  
  75  8:45  Marine x2  
  75  8:46  Marine x2  
  79  8:59  Marine  
  79  9:00  Marine x2  
  79  9:01  Siege Tank, Marine  
  79  9:02  Marine  
  83  9:07  Orbital Command  
  84  9:10  SCV  
  85  9:34  Bunker  
  85  9:36  Supply Depot  
  85  9:37  Orbital Command  
  85  9:49  Engineering Bay  
  85  9:52  Engineering Bay  
  85  10:01  Refinery  
  85  10:04  Medivac, Siege Tank, Marine, SCV  
  85  10:05  Marine  
  85  10:06  SCV, Marine  
  85  10:17  Bunker  
  85  10:23  Bunker  
  85  10:30  SCV x2  

Tags
 
Add a new tag
Caveats
  • Supply blocks, unpowered buildings, or Contaminate may cause inaccurate times.
  • Supply counts are checked every 10 seconds.